 Dungeon Crawl Stone Soup version 0.23.0-2-g0fe3ce5 (webtiles) character file.

Game seed: 2651164278924255339

101859 Jatast the Brawler (level 16, -3/134 HPs)
             Began as a Ghoul Monk on Feb 19, 2019.
             Was the Champion of Hepliaklqana.
             Slain by an orc warrior
             ... wielding a +0 glaive
             ... led by an orc knight
              (35 damage)
             ... on level 2 of the Orcish Mines.
             The game lasted 01:02:24 (25704 turns).

Jatast the Brawler (Ghoul Monk)                    Turns: 25704, Time: 01:02:25

Health: -3/134     AC: 23    Str: 21    XL:     16   Next: 31%
Magic:  17/17      EV:  8    Int:  6    God:    Hepliaklqana [******]
Gold:   1840       SH: 15    Dex: 11    Spells: 15/15 levels left

rFire    + . .     SeeInvis +     - Unarmed
rCold    + + .     Gourm    .   g - +0 shield {rC+}
rNeg     + + +     Faith    .   t - +2 chain mail {rF+}
rPois    ∞         Spirit   .   B - +1 hat {MR+}
rElec    +         Reflect  +   h - +0 cloak {rPois}
rCorr    .         Harm     .   N - +1 pair of gloves
MR       +++..                  H - +4 pair of boots of Unreason {rElec rN+}
Stlth    ..........             L - +3 amulet of reflection
HPRegen  0.00/turn              C - ring of see invisible
MPRegen  0.15/turn              z - ring of protection from magic

@: rotting
A: rotting body, reduced essence, claws 1, carnivore, cold resistance 1,
negative energy resistance 3, inhibited regeneration, torment resistance,
unbreathing
a: Recall Ancestor, Ancestor Identity, Transference, Idealise, Renounce Religion


You were on level 2 of the Orcish Mines.
You worshipped Hepliaklqana.
Hepliaklqana was exalted by your worship.
You were not hungry.

You visited 3 branches of the dungeon, and saw 23 of its levels.
You also visited: Gauntlet.

You collected 1989 gold pieces.
You spent 149 gold pieces at shops.

Inventory:

Missiles
 d - 18 steel javelins (quivered)
 v - 2 throwing nets
Armour
 g - a +0 shield of cold resistance (worn)
 h - a +0 cloak of poison resistance (worn)
 t - a +2 chain mail of fire resistance (worn)
 B - a +1 hat of magic resistance (worn)
 H - the +4 pair of boots of Unreason (worn) {rElec rN+}
   (You found it on level 8 of the Dungeon)

   It insulates you from electricity.
   It protects you from negative energy.
 N - a +1 pair of gloves (worn)
Jewellery
 z - a ring of protection from magic (right hand)
 C - a ring of see invisible (left hand)
 G - an uncursed ring of protection from fire
 K - the ring of Orthodoxy {rF+ Int+4}
   (You found it in a Gauntlet)

   [ring of intelligence]

   It affects your intelligence (+4).
   It protects you from fire.
 L - a +3 amulet of reflection (around neck)
Wands
 e - a wand of iceblast (28)
 u - a wand of enslavement (7)
 w - a wand of disintegration (15)
 A - a wand of paralysis (6)
 E - a wand of digging (4)
 M - a wand of polymorph (8)
 O - a wand of flame (13)
 Q - a wand of acid (12)
Scrolls
 i - 6 scrolls of amnesia
 l - 10 scrolls of remove curse
 m - 5 scrolls of enchant armour
 n - 14 scrolls of teleportation
 p - 4 scrolls of blinking
 r - 3 scrolls of fog
 s - 3 scrolls of fear
 y - 5 scrolls of enchant weapon
 J - 4 scrolls of identify
 P - a scroll of vulnerability
Potions
 a - 2 potions of resistance
 f - 3 potions of heal wounds
 k - 6 potions of flight
 o - 6 potions of curing
 q - 2 potions of agility
 x - 6 potions of might
 D - a potion of brilliance
 F - 2 potions of ambrosia
 I - 3 potions of haste
Comestibles
 b - 46 rations


   Skills:
 + Level 15.2 Fighting
 + Level 8.2 Armour
 - Level 2.6 Dodging
 - Level 2.1 Stealth
 + Level 11.3 Shields
 * Level 20.2 Unarmed Combat
 - Level 3.0 Invocations


You had 15 spell levels left.
You didn't know any spells.
Your spell library contained the following spells:

 Spells                   Type           Power        Failure   Level  Hunger
 Animate Skeleton         Necr           N/A          99%         1    ##.....
 Apportation              Tloc           #.....       99%         1    ##.....
 Confusing Touch          Hex            #.....       99%         1    ##.....
 Flame Tongue             Conj/Fire      #....        99%         1    ##.....
 Infusion                 Chrm           #...         99%         1    ##.....
 Magic Dart               Conj           #...         99%         1    ##.....
 Sandblast                Erth           #.....       99%         1    ##.....
 Shock                    Conj/Air       #...         99%         1    ##.....
 Sting                    Conj/Pois      #...         99%         1    ##.....
 Summon Small Mammal      Summ           #...         99%         1    ##.....
 Blink                    Tloc           N/A          100%        2    ###....
 Call Imp                 Summ           #.......     100%        2    ###....
 Passwall                 Tmut/Erth      #.......     100%        2    ###....
 Poisonous Vapours        Pois/Air       #.....       100%        2    ###....
 Shroud of Golubria       Chrm/Tloc      #.........   100%        2    ###....
 Slow                     Hex            #.......     100%        2    ###....
 Song of Slaying          Chrm           #.......     100%        2    ###....
 Swiftness                Chrm/Air       #.......     100%        2    ###....
 Conjure Flame            Conj/Fire      #.......     100%        3    ####...
 Mephitic Cloud           Conj/Pois/Air  #.......     100%        3    ####...
 Regeneration             Chrm/Necr      #.........   100%        3    ####...
 Spectral Weapon          Hex/Chrm       #.......     100%        3    ####...
 Static Discharge         Conj/Air       #.......     100%        3    ####...
 Stone Arrow              Conj/Erth      #.....       100%        3    ####...
 Airstrike                Air            #.........   100%        4    #####..
 Cause Fear               Hex            #.........   100%        4    #####..
 Olgreb's Toxic Radiance  Pois           #.......     100%        4    #####..
 Petrify                  Tmut/Erth      #.......     100%        4    #####..
 Irradiate                Conj/Tmut      #.........   100%        5    ######.
 Lee's Rapid Deconstruct  Erth           #.........   100%        5    ######.
 Lightning Bolt           Conj/Air       #.........   100%        5    ######.
 Venom Bolt               Conj/Pois      #.........   100%        5    ######.
 Bolt of Fire             Conj/Fire      #.........   100%        6    #######
 Dragon's Call            Summ           #.........   100%        9    #######
 Hydra Form               Tmut           Unusable     N/A         6    N/A
 Statue Form              Tmut/Erth      Unusable     N/A         6    N/A
 Dragon Form              Tmut           Unusable     N/A         7    N/A

Dungeon Overview and Level Annotations

Branches:
Dungeon (15/15)            Temple (0/1) D:7            Lair (6/6) D:11
 Shoals (0/4) Lair:3       Spider (0/4) Lair:3        Slime (0/5) Lair:6
    Orc (2/2) D:12         Vaults (0/5) D:14         Depths (0/5) D:15
    Elf: Orc:2

Altars:
Cheibriados
Fedhas
Gozag
Hepliaklqana
Kikubaaqudgha
Makhleb
Nemelex Xobeh
Okawaru
Sif Muna
Vehumet
Yredelemnul
Beogh
Jiyva

Shops:
D:7 [

Annotations:
D:7 2 transporters, Azzok's ghost, novice DsFi
Lair:2 1 runed translucent door, Rwicked's ghost, journeyman MiBe


Innate Abilities, Weirdness & Mutations

Your body is rotting away.
You thrive on raw meat.
You are immune to poison.
You have sharp fingernails.
You are carnivorous and can eat meat at any time.
Your flesh is cold resistant. (rC+)
You are immune to negative energy. (rN+++)
You do not regenerate when monsters are visible.
You are immune to unholy pain and torment.
You can survive without breathing.
Your life essence is reduced to manifest your ancestor. (-10% HP)


Message History

Your attacks no longer feel as feeble.
You block the orc warrior's attack. You block the orc warrior's attack. x2
Things that are here:
a +0 hand axe; an orc corpse You closely miss the orc warrior.
The orc warrior is heavily wounded.
You pummel the orc warrior!!
You kill the orc warrior!
The orc warrior hits you with a +0 glaive.
* * * LOW HITPOINT WARNING * * *
The orc warrior hits you with a +0 glaive.
* * * LOW HITPOINT WARNING * * *
Things that are here:
a +0 glaive; a +0 chain mail You completely miss the orc warrior.
You pummel the orc warrior!!
The orc warrior is almost dead.
The orc warrior hits you with a +0 glaive!!
You die...

.#.....#.####
..........#.##
.............#
............#
..........$.#### #
.............#.#.##
..................#
.. #.#..)).#)....$#
....#...))@).....#
.....#....o##.#.##
....#...)### .# ...
#...)<.# .. .$
##......#.#. .
#....#..######
......##### ..#.##
# ##


You could see an orc warrior.

Vanquished Creatures
  Gastronok (Lair:2)
  4 dire elephants (Lair:6)
  Azrael (D:14)
  A minotaur (Gauntlet)
  2 vault guards (D:14)
  Erolcha (D:10)
  6 hydras
  An ogre mage (D:15)
  3 two-headed ogres
  3 centaur warriors
  An anaconda (Lair:6)
  A tengu warrior (D:15)
  2 thrashing horrors (Gauntlet)
  2 orc high priests (Orc:1)
  Urug (Orc:1)
  2 skeletal warriors (D:15)
  The ghost of skk the Chopper, a novice DsFi of Okawaru (D:8)
  A flayed ghost (D:15)
  7 unseen horrors
  3 wizards (D:14)
  2 orc knights
  Pikel (D:8)
  A manticore (D:15)
  3 necromancers
  11 ugly things
  16 elephants
  3 deep elf magi
  2 orc sorcerers (Orc:2)
  An elephant (shapeshifter) (D:14)
  A fire giant skeleton (D:15)
  Maurice (D:11)
  Psyche (D:12)
  A black mamba (shapeshifter) (D:15)
  5 black mambas
  A smoke demon (Gauntlet)
  A torpor snail (Lair:6)
  7 spiny frogs
  A gargoyle (D:11)
  2 rime drakes
  3 centaur skeletons
  An efreet (D:15)
  A yaktaur zombie (D:15)
  5 komodo dragons
  A yaktaur (D:14)
  A komodo dragon (shapeshifter) (D:15)
  A red devil (Gauntlet)
  2 polar bears (Lair:6)
  3 meliai (D:13)
  6 trolls
  Prince Ribbit (D:8)
  6 dream sheep
  13 blink frogs
  4 hornets
  A hornet (shapeshifter) (D:15)
  2 deep troll zombies (D:15)
  2 meliai zombies
  13 hippogriffs
  A ynoxinul (Gauntlet)
  3 wyverns
  3 shadows
  3 fire elementals (D:14)
  14 humans (D:14)
  3 wraiths
  43 yaks
  3 basilisks
  6 hungry ghosts
  2 wargs (Orc:1)
  3 acid dragons
  2 hell hounds (D:14)
  3 water moccasins
  4 porcupines
  Duvessa (D:4)
  3 phantoms
  3 ice beasts
  18 orc warriors
  2 slaves (D:8)
  5 sky beasts
  An eye of draining (D:14)
  12 ogres
  4 black bears
  2 necrophages
  5 boggarts
  15 wolves
  15 centaurs
  7 crocodiles
  6 big kobolds
  13 bullfrogs
  2 gnoll sergeants
  A hexer (D:12)
  4 scorpions
  A water moccasin skeleton (D:6)
  9 killer bees
  9 howler monkeys
  14 wights
  9 crimson imps
  2 bullfrog zombies
  7 jellies
  Crazy Yiuf (D:5)
  2 bullfrog skeletons
  14 orc priests
  8 hounds
  4 iguanas
  2 iron imps (Gauntlet)
  14 worker ants
  20 orc wizards
  2 small abominations (Gauntlet)
  2 killer bee zombies
  A hound zombie (D:7)
  A hound skeleton (D:11)
  9 adders
  10 gnolls
  5 shadow imps
  An ooze (D:2)
  6 worms
  6 leopard geckos
  77 orcs
  3 giant cockroaches
  2 gnoll zombies (D:5)
  4 goblins
  3 hobgoblins
  4 jackals (D:6)
  15 kobolds
  4 quokkas
  5 ball pythons
  3 bats
  5 frilled lizards
  2 leopard gecko zombies (D:6)
  A quokka skeleton (D:4)
  A quokka zombie (D:8)
  4 rats
  A demonic plant (Gauntlet)
  A plant (Lair:6)
677 creatures vanquished.

Vanquished Creatures (collateral kills)
  2 hydras
  Erica (Lair:2)
  A two-headed ogre (D:13)
  A tengu warrior (D:15)
  2 unseen horrors (D:15)
  A wizard (D:11)
  A cyclops (D:11)
  A rime drake (Lair:2)
  2 spiny frogs (Lair:1)
  2 centaur skeletons
  3 hippogriffs
  2 blink frogs
  Sigmund (D:3)
  3 humans (D:14)
  11 yaks
  A hungry ghost (D:15)
  Menkaure (D:4)
  Edmund (D:4)
  3 water moccasins
  2 sky beasts
  An eye of draining (D:11)
  An ice beast (D:9)
  A centaur (D:5)
  A crocodile (Lair:4)
  A bullfrog (Lair:1)
  Dowan (D:4)
  A scorpion (D:4)
  A wyvern skeleton (D:13)
  2 killer bees (D:8)
  A howler monkey (D:12)
  A bullfrog zombie (D:5)
  A hound (D:4)
  A bullfrog skeleton (D:8)
  9 orc wizards
  A worker ant (D:13)
  3 gnolls
  A shadow imp (D:8)
  A leopard gecko (D:5)
  14 orcs
  3 kobolds (D:8)
  2 frilled lizards
90 creatures vanquished.

Vanquished Creatures (others)
  A centaur warrior (D:14)
  16 hexers
  An iguana (D:8)
  3 orcs
  15 fungi
  17 plants
  A withered plant (D:15)
54 creatures vanquished.

Grand Total: 821 creatures vanquished

Notes
Turn   | Place    | Note
-------+----------+-------------------------------------------
     0 | D:1      | Jatast the Ghoul Monk began the quest for the Orb.
     0 | D:1      | Reached XP level 1. HP: 19/19 MP: 0/0
   374 | D:1      | Reached XP level 2. HP: 24/26 MP: 1/1
   890 | D:2      | Reached skill level 4 in Unarmed Combat
   893 | D:2      | Reached XP level 3. HP: 14/33 MP: 2/2
  1465 | D:3      | Noticed Sigmund
  1541 | D:4      | Reached skill level 5 in Unarmed Combat
  1541 | D:4      | Reached XP level 4. HP: 26/40 MP: 3/3
  1669 | D:4      | Noticed Menkaure
  1718 | D:3      | Found a snail-covered altar of Cheibriados.
  1718 | D:3      | Found a hazy altar of Hepliaklqana.
  1721 | D:3      | Became a worshipper of Hepliaklqana the Forgotten
  1721 | D:3      | Reached * piety under Hepliaklqana
  1721 | D:3      | Reached ** piety under Hepliaklqana
  1722 | D:3      | Remembered your ancestor Servius as a hexer
  2302 | D:3      | Killed Sigmund
  2302 | D:3      | Reached skill level 5 in Fighting
  2302 | D:3      | Reached skill level 6 in Unarmed Combat
  2302 | D:3      | Reached XP level 5. HP: 43/43 MP: 4/4
  2302 | D:3      | Reached XP level 6. HP: 50/50 MP: 5/5
  2553 | D:4      | Noticed a sky beast
  2561 | D:4      | Killed a sky beast
  2669 | D:4      | Reached skill level 7 in Unarmed Combat
  2726 | D:4      | Reached XP level 7. HP: 54/54 MP: 6/6
  2735 | D:4      | Killed Menkaure
  2864 | D:4      | Found an opulent altar of Gozag.
  2864 | D:4      | Found a sparkling altar of Nemelex Xobeh.
  2864 | D:4      | Noticed Duvessa
  2864 | D:4      | Noticed Dowan
  2877 | D:4      | Killed Duvessa
  2877 | D:4      | Reached skill level 8 in Unarmed Combat
  2881 | D:4      | Noticed Edmund
  2895 | D:4      | Killed Dowan
  2899 | D:4      | Killed Edmund
  2899 | D:4      | Reached XP level 8. HP: 40/63 MP: 7/7
  3164 | D:5      | Entered Level 5 of the Dungeon
  3345 | D:5      | Reached skill level 9 in Unarmed Combat
  3876 | D:5      | Found a basalt altar of Yredelemnul.
  3950 | D:5      | Found a runed translucent door.
  3951 | D:5      | Noticed Crazy Yiuf
  3965 | D:5      | Killed Crazy Yiuf
  3998 | D:6      | Reached *** piety under Hepliaklqana
  4130 | D:6      | Reached skill level 10 in Unarmed Combat
  4268 | D:6      | Reached XP level 9. HP: 41/72 MP: 8/8
  4709 | D:6      | Reached skill level 11 in Unarmed Combat
  4933 | D:7      | Found a transporter.
  4934 | D:7      | Found a transporter.
  4934 | D:7      | Noticed Azzok's ghost (novice DsFi)
  4965 | D:7      | Reached skill level 1 in Invocations
  5030 | D:7      | Reached skill level 1 in Armour
  5068 | D:7      | Found Gumumpur's Armour Emporium.
  5150 | D:7      | Bought a +0 shield of cold resistance for 149 gold pieces
  5216 | D:7      | Found a burning altar of Makhleb.
  5216 | D:7      | Found an iron altar of Okawaru.
  5280 | D:7      | Found a staircase to the Ecumenical Temple.
  5280 | D:7      | Reached **** piety under Hepliaklqana
  5449 | D:8      | Noticed Pikel
  5499 | D:7      | Reached skill level 1 in Shields
  5640 | D:8      | Got a fine chain mail
  5651 | D:8      | Identified the +4 chain mail "Sipojeip" {rElec Stlth+} (You
                  | found it on level 8 of the Dungeon)
  5695 | D:8      | Reached XP level 10. HP: 81/81 MP: 11/11
  5826 | D:8      | Killed Pikel
  5826 | D:8      | Reached skill level 12 in Unarmed Combat
  6110 | D:8      | Noticed Prince Ribbit
  6117 | D:8      | Killed Prince Ribbit
  6236 | D:8      | Found a runed translucent gate.
  6236 | D:8      | Noticed skk's ghost (novice DsFi)
  6237 | D:8      | Found a runed translucent gate.
  6237 | D:8      | Identified the cursed +0 plate armour of Parlour Games
                  | {rPois rF+ Regen+}
  6238 | D:8      | Found a runed translucent gate.
  6247 | D:8      | Found a roughly hewn altar of Beogh.
  6590 | D:9      | Found a radiant altar of Vehumet.
  6598 | D:9      | Identified Vehumet's Grimoire of Conjuration
  6601 | D:9      | Found an ancient bone altar of Kikubaaqudgha.
  6602 | D:9      | Found a deep blue altar of Sif Muna.
  6672 | D:9      | Got an ancient ring mail
  6701 | D:9      | Identified the +3 ring mail of Honour {rF+} (You found it
                  | on level 9 of the Dungeon)
  6772 | D:9      | Reached ***** piety under Hepliaklqana
  7011 | D:10     | Entered Level 10 of the Dungeon
  7247 | D:10     | Noticed Erolcha
  7253 | D:10     | Killed Erolcha
  7253 | D:10     | Reached skill level 10 in Fighting
  7253 | D:10     | Reached skill level 13 in Unarmed Combat
  7253 | D:10     | Reached XP level 11. HP: 61/89 MP: 12/12
  8061 | D:11     | Killed an unseen horror
  8161 | D:11     | Noticed a wizard
  8169 | D:11     | Killed a wizard
  8234 | D:11     | Noticed a brown ugly thing
  8242 | D:11     | Noticed a cyclops
  8268 | D:10     | Killed a brown ugly thing
  8268 | D:10     | Reached skill level 5 in Shields
  8268 | D:10     | Reached skill level 14 in Unarmed Combat
  8372 | D:11     | Noticed Maurice
  8403 | D:11     | Killed Maurice
  8412 | D:11     | Killed a cyclops
  8478 | D:11     | Noticed an eight-headed hydra
  8483 | D:11     | Killed an eight-headed hydra
  8835 | D:11     | Reached XP level 12. HP: 70/99 MP: 13/13
  8869 | D:11     | Found a staircase to the Lair.
  9111 | Lair:1   | Entered Level 1 of the Lair of Beasts
  9162 | Lair:1   | Reached skill level 15 in Unarmed Combat
  9622 | Lair:1   | Noticed a four-headed hydra
  9639 | Lair:1   | Killed a four-headed hydra
 10889 | Lair:2   | Reached skill level 16 in Unarmed Combat
 11231 | Lair:2   | Noticed a four-headed hydra
 11235 | Lair:2   | Reached XP level 13. HP: 94/106 MP: 14/14
 11466 | Lair:2   | Noticed Gastronok
 11741 | Lair:2   | Killed Gastronok
 11841 | Lair:2   | Found a runed translucent door.
 11867 | Lair:2   | Noticed Erica
 11881 | Lair:2   | Killed Erica
 11996 | Lair:2   | Identified the +9 spear of Wondrous Power {elec, rElec}
 12232 | Lair:2   | Noticed Rwicked's ghost (journeyman MiBe)
 12815 | D:8      | Killed skk's ghost
 12853 | D:8      | Got a pair of faintly glowing boots
 12859 | D:8      | Identified the +4 pair of boots of Unreason {rElec rN+}
                  | (You found it on level 8 of the Dungeon)
 13052 | Lair:3   | Found a staircase to the Shoals.
 13230 | Lair:3   | Reached skill level 17 in Unarmed Combat
 13575 | Lair:3   | Reached ****** piety under Hepliaklqana
 13813 | Lair:3   | Found a hole to the Spider Nest.
 15383 | Lair:5   | Reached XP level 14. HP: 97/116 MP: 15/15
 15539 | Lair:5   | Found a gate leading to a gauntlet.
 15553 | Gauntlet | Entered a Gauntlet
 15553 | Gauntlet | Found a transporter.
 15553 | Gauntlet | Found a transporter.
 15553 | Gauntlet | Found a transporter.
 15555 | Gauntlet | Found a transporter.
 15557 | Gauntlet | Found a transporter.
 15559 | Gauntlet | Found a transporter.
 15565 | Gauntlet | Found a transporter.
 15568 | Gauntlet | Found a transporter.
 15570 | Gauntlet | Found a transporter.
 15570 | Gauntlet | Found a transporter.
 15574 | Gauntlet | Found a runed translucent door.
 15574 | Gauntlet | Found a runed translucent door.
 15578 | Gauntlet | Found a transporter.
 15583 | Gauntlet | Found a transporter.
 15850 | Gauntlet | Got a slimy jade ring
 15858 | Gauntlet | Identified the ring of Orthodoxy {rF+ Int+4} (You found it
                  | in a Gauntlet)
 15874 | Gauntlet | Identified the ring of Bodily Harmony {*Contam +Blink Int+9
                  | Dex+3}
 16638 | Lair:6   | Entered Level 6 of the Lair of Beasts
 16657 | Lair:6   | Reached skill level 18 in Unarmed Combat
 16968 | Lair:6   | Reached skill level 5 in Armour
 17168 | Lair:6   | Found a viscous altar of Jiyva.
 17169 | Lair:6   | Found a staircase to the Slime Pits.
 17836 | Lair:6   | Noticed a dire elephant
 17836 | Lair:6   | Noticed a dire elephant
 17847 | Lair:6   | Killed a dire elephant
 17858 | Lair:6   | Killed a dire elephant
 18344 | Lair:6   | Noticed a dire elephant
 18358 | Lair:6   | Killed a dire elephant
 18368 | Lair:6   | Noticed a dire elephant
 18385 | Lair:6   | Killed a dire elephant
 18870 | D:12     | Reached skill level 10 in Shields
 19180 | D:12     | Found a staircase to the Orcish Mines.
 19197 | D:12     | Found a roughly hewn altar of Beogh.
 19494 | D:12     | Noticed Psyche
 19502 | D:12     | Killed Psyche
 20018 | D:13     | Reached XP level 15. HP: 84/124 MP: 16/16
 20691 | D:13     | Reached skill level 19 in Unarmed Combat
 21405 | D:14     | Noticed Azrael
 21417 | D:14     | Killed Azrael
 21852 | D:14     | Found a gate to the Vaults.
 22519 | D:15     | Entered Level 15 of the Dungeon
 23219 | D:15     | HP: 4/122 [efreet/+2 scimitar of flaming (14)]
 24137 | D:15     | Reached skill level 15 in Fighting
 24137 | D:15     | Reached XP level 16. HP: 110/134 MP: 17/17
 24203 | D:15     | Found a staircase to the Depths.
 24227 | D:15     | Reached skill level 20 in Unarmed Combat
 24281 | D:15     | Found a blossoming altar of Fedhas.
 24968 | Orc:1    | Entered Level 1 of the Orcish Mines
 25239 | Orc:1    | Noticed Urug
 25253 | Orc:1    | Killed Urug
 25635 | Orc:2    | Entered Level 2 of the Orcish Mines
 25704 | Orc:2    | Slain by an orc warrior

Skill      XL: |  1  2  3  4  5  6  7  8  9 10 11 12 13 14 15 16 |
---------------+-------------------------------------------------+-----
Unarmed Combat | 4 5 6 7 8 10 11 13 14 16 17 18 19 20 | 20.2
Fighting       | 4 5 6 7 8 10 11 12 13 14 15 | 15.2
Invocations    | 2 3 |  3.0
Armour         | 2 4 6 7 8 |  8.2
Shields        | 1 4 5 7 9 10 11 | 11.3
Dodging        | |  2.6
Stealth        | |  2.1

Action                   |  1- 3 |  4- 6 |  7- 9 | 10-12 | 13-15 | 16-18 || total
-------------------------+-------+-------+-------+-------+-------+-------++-------
Melee: Unarmed           |    93 |    43 |   373 |   617 |  1343 |   263 ||  2732
       Punch             |     2 |     4 |    14 |       |       |       ||    20
Throw: Javelin           |       |       |       |       |     5 |       ||     5
       Throwing net      |       |       |       |       |     1 |       ||     1
Invok: Ancestor Life: He |       |     1 |       |       |       |       ||     1
       Recall Ancestor   |       |       |     1 |     4 |     3 |       ||     8
Evoke: Wand              |       |       |       |     3 |     6 |       ||     9
  Use: Scroll            |       |       |    16 |     5 |    13 |       ||    34
       Potion            |       |       |       |     1 |     3 |       ||     4
 Stab: Sleeping          |     2 |       |       |       |       |       ||     2
       Distracted        |       |       |     2 |    11 |     5 |     2 ||    20
       Confused          |       |       |     2 |     4 |     9 |       ||    15
       Invisible         |       |       |       |       |     2 |       ||     2
       Paralysed         |       |       |       |       |    28 |     5 ||    33
  Eat: Chunk             |     8 |     2 |    19 |    48 |    89 |    12 ||   178
       Ration            |       |       |       |       |     4 |       ||     4
Armor: Leather armour    |     2 |       |       |       |       |       ||     2
       Scale mail        |    23 |    11 |   109 |       |       |       ||   143
       Chain mail        |       |       |    38 |   284 |   622 |   111 ||  1055
Dodge: Dodged            |    52 |    11 |   209 |   197 |   351 |    47 ||   867
Block: Shield            |       |       |    25 |   286 |   784 |   176 ||  1271
       Reflection        |       |       |       |       |    23 |     5 ||    28
